Senators vs Reign
Created - May 18, 2022 at 20:43
Goals
|
| Senators |
0 |
2 |
0 |
2 |
| Reign |
2 |
1 |
2 |
5 |
|
Shots
|
| Senators |
6 |
18 |
11 |
35 |
| Reign |
11 |
8 |
18 |
37 |
|
1st period
1. Reign , Timo Meier 22 (Dylan Blujus 23, Brendan Gaunce 63) at 1:34
2. Reign , Matthew Tkachuk 20 (Thomas Chabot 42, A.J. Jenks 18) at 15:29
Penalties :
Scott Harrington (Bel) for Hooking (Minor) at 4:47, Tomas Jurco (Bel) for Hooking (Minor) at 17:40
2nd period
3. Reign , Austin Czarnik 3 (Joachim Blichfeld 23, Phillip Danault 10) at 2:13
4. Senators , Oliver Bjorkstrand 27 (Jacob De La Rose 8) at 6:11
5. Senators , Zachary Sanford 44 (Tomas Jurco 41, Christoph Bertschy 58) at 14:29
Penalties :
Timo Meier (Ont) for Tripping (Minor) at 6:14, Logan Stanley (Ont) for Hooking (Minor) at 17:46
3rd period
6. Reign , Oskar Lindblom 7 (Jakob Chychrun 21) at 8:41
7. Reign , Dylan Blujus 1 (Matthew Tkachuk 24, Joachim Blichfeld 24) at 17:41
Penalties :
Jack Dougherty (Ont) for Hooking (Minor) at 4:31, Matthew Tkachuk (Ont) for Hooking (Minor) at 14:14
Goalie Stats
Scott Wedgewood (Bel), 32 saves from 37 shots - (0.865), L, 2-10-3, 60:00 minutes
Jean-Francois Berube (Ont), 33 saves from 35 shots - (0.943), W, 13-10-2, 60:00 minutes
Players Stats for Senators
Player Name G A P +/- PIM S H SB GA TA FO MP PP MP PK MP
------------------------------------------------------------------------------------
C.J Suess 0 0 0 -1 0 2 0 2 1 0 0/0 11:52 0:01 0:54
Chandler Stephenson 0 0 0 -2 0 2 3 1 0 0 2/2 11:55 0:01 0:54
Christoph Bertschy 0 1 1 -2 0 8 1 2 1 1 15/34 21:59 4:32 1:59
Dmitry Sinitsyn 0 0 0 -1 0 4 1 1 0 1 0/0 26:54 3:11 2:15
Grant Besse 0 0 0 -1 0 1 0 1 0 0 0/1 10:26 0:01 0:00
Jacob De La Rose 0 1 1 1 0 0 1 0 0 0 2/8 16:46 3:23 1:05
Jonas Siegenthaler 0 0 0 -2 0 0 0 6 0 0 0/0 12:29 0:37 0:55
Joonas Lyytinen 0 0 0 0 0 0 1 2 0 0 0/0 21:41 4:08 1:52
Jordan Schroeder 0 0 0 0 0 0 0 0 0 0 0/2 9:20 0:00 0:00
Mason Geertsen 0 0 0 -2 0 0 0 1 0 1 0/0 12:35 0:37 0:34
Nikita Nesterov 0 0 0 0 0 1 3 1 0 2 0/0 20:58 4:08 1:09
Oliver Bjorkstrand 1 0 1 1 0 4 1 0 1 0 0/0 15:27 3:23 0:00
Scott Harrington 0 0 0 -1 2 0 2 3 2 0 0/0 25:57 3:11 1:11
Tomas Jurco 0 1 1 -2 2 1 1 0 0 0 0/0 19:59 4:32 0:00
Vitaly Abramov 0 0 0 -1 0 2 0 0 1 0 0/0 9:34 0:00 0:00
William Bitten 0 0 0 -1 0 0 2 0 0 0 1/1 9:34 0:00 0:00
Zachary Sanford 1 0 1 -2 0 9 1 0 4 0 2/3 22:02 4:32 1:59
Zemgus Girgensons 0 0 0 1 0 1 0 1 1 0 0/0 16:32 3:23 1:05
Players Stats for Reign
Player Name G A P +/- PIM S H SB GA TA FO MP PP MP PK MP
------------------------------------------------------------------------------------
A.J. Jenks 0 1 1 1 0 1 0 0 0 0 8/13 14:40 0:09 0:48
Adam Ollas-Mattsson 0 0 0 0 0 0 0 0 0 0 0/0 0:00 0:00 0:00
Austin Czarnik 1 0 1 0 0 5 1 0 0 0 0/0 10:34 0:00 0:00
Brendan Gaunce 0 1 1 0 0 2 0 0 1 1 12/18 15:41 2:04 0:10
Brendan Guhle 0 0 0 0 0 1 0 1 0 0 0/0 19:36 0:00 4:51
Dylan Blujus 1 1 2 2 0 2 1 2 0 2 0/0 17:24 0:00 3:05
Jack Dougherty 0 0 0 1 2 0 0 0 0 0 0/0 8:10 1:36 0:00
Jakob Chychrun 0 1 1 0 0 2 4 0 1 0 0/0 16:28 2:22 0:00
Joachim Blichfeld 0 2 2 1 0 1 1 0 1 0 0/0 13:27 0:15 0:45
Joel Eriksson Ek 0 0 0 1 0 0 0 0 0 3 4/10 19:08 1:42 4:56
Jordan Schmaltz 0 0 0 0 0 2 0 1 0 2 0/0 18:23 0:00 4:51
Josh Anderson 0 0 0 1 0 3 4 0 0 0 1/2 11:09 0:07 2:09
Logan Stanley 0 0 0 1 2 0 0 0 0 0 0/0 5:53 0:00 0:00
Matthew Tkachuk 1 1 2 2 2 2 1 2 0 0 0/1 16:36 2:01 0:00
Nikita Tryamkin 0 0 0 1 0 1 3 1 0 1 0/0 19:58 1:36 3:05
Oskar Lindblom 1 0 1 1 0 3 2 0 0 0 0/0 8:28 0:00 0:00
Phillip Danault 0 1 1 1 0 2 2 1 1 0 1/2 17:20 1:45 2:09
Thomas Chabot 0 1 1 1 0 3 1 1 1 1 0/0 14:34 2:22 0:00
Timo Meier 1 0 1 0 2 1 2 0 0 0 0/0 15:28 2:04 0:00
Trevor Moore 0 0 0 1 0 1 0 0 0 0 1/3 8:28 0:00 0:00
Tyler Pitlick 0 0 0 0 0 5 0 0 0 1 2/2 20:35 1:47 4:55
3 Stars
1 - Dylan Blujus (Ont)
2 - Matthew Tkachuk (Ont)
3 - Jean-Francois Berube (Ont)
Power Play
Senators - 0 on 4 Attempt(s) - 0.00%
Reign - 0 on 2 Attempt(s) - 0.00%
Penalty Kill
Senators - 2 on 2 Attempt(s) - 100.00%
- Score 0 goal in Penalty Kill
Reign - 4 on 4 Attempt(s) - 100.00%
- Score 0 goal in Penalty Kill
Team Stat
Senators - Hits : 17 - Faceoff Wins : 22 - Blocked Shots : 21 - Penalty Minutes : 4
Reign - Hits : 22 - Faceoff Wins : 29 - Blocked Shots : 9 - Penalty Minutes : 8
Official
Referees : Chris Schlenker and Chris Rooney
Linesman : Ryan Gibbons and Steve Barton
Game Notes
No Game Note
Finance
Level 1 -- Attendance: 1747 (87.35%) -- Ticket Income $61,145
Level 2 -- Attendance: 963 (96.30%) -- Ticket Income $14,445
Total Attendance: 2710 (90.33%)
Total Ticket Income: $75,590
Other Income: $3,780
Total Income: $79,370
Senators
5 vs 5 Forward
Center Left Wing Right Wing Time % Phy DF OF
1 Christoph Bertschy Zachary Sanford Tomas Jurco 40 1 2 2
2 Jacob De La Rose Zemgus Girgensons Oliver Bjorkstrand 30 1 2 2
3 Jordan Schroeder C.J Suess Grant Besse 15 1 2 2
4 Chandler Stephenson Vitaly Abramov William Bitten 15 1 2 2
5 vs 5 Defense
Defense Defense Time % Phy DF OF
1 Dmitry Sinitsyn Scott Harrington 40 1 2 2
2 Nikita Nesterov Joonas Lyytinen 30 1 2 2
3 Mason Geertsen Jonas Siegenthaler 20 1 2 2
4 Dmitry Sinitsyn Scott Harrington 10 1 2 2
PowerPlay Forward
Center Left Wing Right Wing Time % Phy DF OF
1 Christoph Bertschy Zachary Sanford Tomas Jurco 60 0 1 4
2 Jacob De La Rose Zemgus Girgensons Oliver Bjorkstrand 40 0 1 4
PowerPlay Defense
Defense Defense Time % Phy DF OF
1 Dmitry Sinitsyn Scott Harrington 60 1 2 2
2 Nikita Nesterov Joonas Lyytinen 40 1 2 2
Penalty Kill 4 Players Forward
Center Wing Time % Phy DF OF
1 Christoph Bertschy Zachary Sanford 60 1 2 2
2 Jacob De La Rose Zemgus Girgensons 40 1 2 2
Penalty Kill 4 Players Defense
Defense Defense Time % Phy DF OF
1 Dmitry Sinitsyn Scott Harrington 60 1 2 2
2 Nikita Nesterov Joonas Lyytinen 40 1 2 2
Penalty Kill - 3 Players Forward
Forward Time % Phy DF OF
1 Christoph Bertschy 60 1 2 2
2 Jacob De La Rose 40 1 2 2
Penalty Kill - 3 Players Defense
Defense Defense Time % Phy DF OF
1 Dmitry Sinitsyn Scott Harrington 60 1 2 2
2 Nikita Nesterov Joonas Lyytinen 40 1 2 2
4 vs 4 Forward
Center Wing Time % Phy DF OF
1 Christoph Bertschy Zachary Sanford 60 1 2 2
2 Jacob De La Rose Zemgus Girgensons 40 1 2 2
4 vs 4 Defense
Defense Defense Time % Phy DF OF
1 Dmitry Sinitsyn Scott Harrington 60 1 2 2
2 Nikita Nesterov Joonas Lyytinen 40 1 2 2
Last Minutes Offensive
Center Left Wing Right Wing Defense Defense
Christoph Bertschy Zachary Sanford Tomas Jurco Dmitry Sinitsyn Scott Harrington
Last Minutes Defensive
Center Left Wing Right Wing Defense Defense
Christoph Bertschy Zachary Sanford Tomas Jurco Dmitry Sinitsyn Scott Harrington
Goaltenders
Starting : Scott Wedgewood
Backup : Garret Sparks
Extra Forwards
Normal : Christoph Bertschy, Jacob De La Rose, Jordan Schroeder - PP : Christoph Bertschy, Jacob De La Rose - PK : Christoph Bertschy
Extra Defensemen
Normal : Joonas Lyytinen, Mason Geertsen, Jonas Siegenthaler - PP : Joonas Lyytinen - PK : Joonas Lyytinen, Mason Geertsen
Penalty Shots
Tomas Jurco, Oliver Bjorkstrand, Zachary Sanford, Zemgus Girgensons, Christoph Bertschy
Scratches
Gustav Forsling (Healthy), Keegan Lowe (Abdominal Strain Injury), Kevin Rooney (Healthy), Michael Matheson (Left Leg Injury), Arttu Ruotsalainen (Healthy)
Cliff Pu (Healthy), Keven Bouchard (Healthy)
Reign
5 vs 5 Forward
Center Left Wing Right Wing Time % Phy DF OF
1 Brendan Gaunce Timo Meier Tyler Pitlick 30 1 2 2
2 A.J. Jenks Phillip Danault Matthew Tkachuk 30 1 2 2
3 Joel Eriksson Ek Joachim Blichfeld Austin Czarnik 25 1 2 2
4 Trevor Moore Oskar Lindblom Josh Anderson 15 1 2 2
5 vs 5 Defense
Defense Defense Time % Phy DF OF
1 Jordan Schmaltz Nikita Tryamkin 30 1 2 2
2 Dylan Blujus Thomas Chabot 30 1 2 2
3 Brendan Guhle Jakob Chychrun 30 1 2 2
4 Logan Stanley Jack Dougherty 10 1 2 2
PowerPlay Forward
Center Left Wing Right Wing Time % Phy DF OF
1 Brendan Gaunce Timo Meier Matthew Tkachuk 60 1 2 2
2 Joel Eriksson Ek Phillip Danault Tyler Pitlick 40 1 2 2
PowerPlay Defense
Defense Defense Time % Phy DF OF
1 Thomas Chabot Jakob Chychrun 65 1 2 2
2 Jack Dougherty Nikita Tryamkin 35 1 2 2
Penalty Kill 4 Players Forward
Center Wing Time % Phy DF OF
1 Joel Eriksson Ek Tyler Pitlick 60 1 2 2
2 Phillip Danault Josh Anderson 40 1 2 2
Penalty Kill 4 Players Defense
Defense Defense Time % Phy DF OF
1 Brendan Guhle Jordan Schmaltz 60 1 2 2
2 Nikita Tryamkin Dylan Blujus 40 1 2 2
Penalty Kill - 3 Players Forward
Forward Time % Phy DF OF
1 Joel Eriksson Ek 60 1 2 2
2 Tyler Pitlick 40 1 2 2
Penalty Kill - 3 Players Defense
Defense Defense Time % Phy DF OF
1 Brendan Guhle Jordan Schmaltz 60 1 2 2
2 Nikita Tryamkin Dylan Blujus 40 1 2 2
4 vs 4 Forward
Center Wing Time % Phy DF OF
1 Brendan Gaunce A.J. Jenks 60 1 2 2
2 Joel Eriksson Ek Tyler Pitlick 40 1 2 2
4 vs 4 Defense
Defense Defense Time % Phy DF OF
1 Jordan Schmaltz Nikita Tryamkin 60 1 2 2
2 Dylan Blujus Thomas Chabot 40 1 2 2
Last Minutes Offensive
Center Left Wing Right Wing Defense Defense
Brendan Gaunce Timo Meier Tyler Pitlick Jakob Chychrun Thomas Chabot
Last Minutes Defensive
Center Left Wing Right Wing Defense Defense
Joel Eriksson Ek Phillip Danault Tyler Pitlick Dylan Blujus Jordan Schmaltz
Goaltenders
Starting : Jean-Francois Berube
Backup : Cal Petersen
Extra Forwards
Normal : Phillip Danault, Brendan Gaunce, Joel Eriksson Ek - PP : Tyler Pitlick, Joachim Blichfeld - PK : Joachim Blichfeld
Extra Defensemen
Normal : Dylan Blujus, Thomas Chabot, Jakob Chychrun - PP : Nikita Tryamkin - PK : Thomas Chabot, Adam Ollas-Mattsson
Penalty Shots
Phillip Danault, Trevor Moore, Tyler Pitlick, Joachim Blichfeld, Austin Czarnik
Scratches
Blake Lizotte (Healthy), Bokondji Imama (Healthy), Jack Roslovic (Broken Bone (Right Ankle) Injury), Jacob Josefson (Healthy), Joel Vermin (Healthy)
Blake Hillman (Healthy), Michael Pezzetta (Healthy), Ilya Samsonov (Healthy), Jordan Binnington (Healthy)
% Time on Ice - Senators
Lines # - Real PCT - Wanted PCT - Time Play
Normal Forward
1 - 36% - 40% - 17:31
2 - 25% - 30% - 12:04
3 - 19% - 15% - 8:57
4 - 20% - 15% - 9:34
Normal Defense
1 - 39% - 40% - 18:54
2 - 33% - 30% - 15:41
3 - 23% - 20% - 10:57
4 - 5% - 10% - 2:34
PP Forward
1 - 57% - 60% - 4:33
2 - 43% - 40% - 3:23
PP Defense
1 - 40% - 60% - 3:11
2 - 60% - 40% - 4:45
PK Forward
1 - 73% - 60% - 2:53
2 - 27% - 40% - 1:05
PK Defense
1 - 71% - 60% - 2:49
2 - 29% - 40% - 1:09
PK3 Forward
1 - 0% - 60%
2 - 0% - 40%
PK3 Defense
1 - 0% - 60%
2 - 0% - 40%
44 Forward
1 - 0% - 60%
2 - 0% - 40%
44 Defense
1 - 0% - 60%
2 - 0% - 40%
Last Minute Offensive - 0:00
Last Minute Defensive - 0:00
Total
Forward - 60:00
Defense - 60:00
|
% Time on Ice - Reign
Lines # - Real PCT - Wanted PCT - Time Play
Normal Forward
1 - 32% - 30% - 15:30
2 - 28% - 30% - 13:34
3 - 22% - 25% - 10:34
4 - 18% - 15% - 8:28
Normal Defense
1 - 28% - 30% - 13:32
2 - 30% - 30% - 14:36
3 - 29% - 30% - 14:06
4 - 12% - 10% - 5:52
PP Forward
1 - 55% - 60% - 2:11
2 - 45% - 40% - 1:47
PP Defense
1 - 60% - 65% - 2:22
2 - 40% - 35% - 1:36
PK Forward
1 - 73% - 60% - 5:47
2 - 27% - 40% - 2:09
PK Defense
1 - 61% - 60% - 4:51
2 - 39% - 40% - 3:05
PK3 Forward
1 - 0% - 60%
2 - 0% - 40%
PK3 Defense
1 - 0% - 60%
2 - 0% - 40%
44 Forward
1 - 0% - 60%
2 - 0% - 40%
44 Defense
1 - 0% - 60%
2 - 0% - 40%
Last Minute Offensive - 0:00
Last Minute Defensive - 0:00
Total
Forward - 60:00
Defense - 60:00
|
Play-by-Play
1st period
0:01 of 1st period - Brendan Gaunce wins face-off versus Christoph Bertschy in neutral zone.
0:30 of 1st period - Wrist shot by A.J. Jenks.
0:30 of 1st period - Shot Blocked by Scott Harrington.
0:32 of 1st period - Slapshot by Nikita Tryamkin.
0:32 of 1st period - Shot Misses the Net.
1:06 of 1st period - Josh Anderson is hit by Nikita Nesterov and loses puck.
1:19 of 1st period - Snap shot by Vitaly Abramov.
1:19 of 1st period - Shot Misses the Net.
1:26 of 1st period - Icing by Thomas Chabot.
1:27 of 1st period - Brendan Gaunce wins face-off versus Christoph Bertschy in Reign zone.
1:32 of 1st period - Snap shot by Brendan Gaunce.
1:32 of 1st period - Stopped by Scott Wedgewood with a rebound.
1:34 of 1st period - Slapshot by Dylan Blujus.
1:34 of 1st period - Deflect By Timo Meier.
1:34 of 1st period - Goal by Timo Meier - Senators : 0 - Reign : 1.
1:35 of 1st period - A.J. Jenks wins face-off versus Jacob De La Rose in neutral zone.
2:01 of 1st period - Dmitry Sinitsyn is hit by Jakob Chychrun and loses puck.
3:12 of 1st period - Snap shot by Thomas Chabot.
3:12 of 1st period - Stopped by Scott Wedgewood with a rebound.
4:06 of 1st period - Snap shot by Trevor Moore.
4:06 of 1st period - Deflect By Oskar Lindblom.
4:06 of 1st period - Shot Misses the Net.
4:06 of 1st period - Puck is out of play.
4:07 of 1st period - A.J. Jenks wins face-off versus Christoph Bertschy in Senators zone.
4:12 of 1st period - Snap shot by Phillip Danault.
4:12 of 1st period - Shot Blocked by Jonas Siegenthaler.
4:22 of 1st period - Snap shot by A.J. Jenks.
4:22 of 1st period - Shot Blocked by Christoph Bertschy.
4:32 of 1st period - Jacob De La Rose is hit by Nikita Tryamkin and loses puck.
4:47 of 1st period - Minor Penalty to Scott Harrington for Hooking.
4:48 of 1st period - Brendan Gaunce wins face-off versus Christoph Bertschy in Senators zone.
4:53 of 1st period - Backhand shot by Thomas Chabot.
4:53 of 1st period - Stopped by Scott Wedgewood with a rebound.
6:47 of 1st period - Penalty to Scott Harrington is over, Scott Harrington is back on ice.
6:54 of 1st period - Slapshot by Thomas Chabot.
6:54 of 1st period - Stopped by Scott Wedgewood with a rebound.
9:00 of 1st period - Tyler Pitlick is hit by Scott Harrington and loses puck.
9:26 of 1st period - Josh Anderson is hit by William Bitten and loses puck.
10:29 of 1st period - Christoph Bertschy is hit by Jakob Chychrun and loses puck.
10:44 of 1st period - Slapshot by C.J Suess.
10:44 of 1st period - Shot Misses the Net.
11:49 of 1st period - Snap shot by Austin Czarnik.
11:49 of 1st period - Shot Blocked by Zemgus Girgensons.
11:51 of 1st period - Slapshot by Jordan Schmaltz.
11:51 of 1st period - Shot Misses the Net.
12:48 of 1st period - Tyler Pitlick is hit by Nikita Nesterov and loses puck.
13:27 of 1st period - Wrist shot by Matthew Tkachuk.
13:27 of 1st period - Shot Blocked by Joonas Lyytinen.
13:41 of 1st period - Austin Czarnik is hit by Chandler Stephenson.
14:03 of 1st period - Icing by Jonas Siegenthaler.
14:04 of 1st period - A.J. Jenks wins face-off versus Grant Besse in Senators zone.
14:05 of 1st period - Slapshot by Phillip Danault.
14:05 of 1st period - Deflect By A.J. Jenks.
14:05 of 1st period - Deflect By Grant Besse.
14:05 of 1st period - Shot Blocked by Jonas Siegenthaler.
14:05 of 1st period - Puck is out of play.
14:06 of 1st period - A.J. Jenks wins face-off versus Christoph Bertschy in Senators zone.
14:39 of 1st period - Jacob De La Rose is hit by Timo Meier and loses puck.
14:52 of 1st period - Snap shot by Josh Anderson.
14:52 of 1st period - Stopped by Scott Wedgewood with a rebound.
15:09 of 1st period - Jordan Schroeder is hit by Josh Anderson and loses puck.
15:29 of 1st period - Wrist shot by Matthew Tkachuk.
15:29 of 1st period - Goal by Matthew Tkachuk - Senators : 0 - Reign : 2.
15:30 of 1st period - Christoph Bertschy wins face-off versus A.J. Jenks in neutral zone.
15:33 of 1st period - Wrist shot by Christoph Bertschy.
15:33 of 1st period - Stopped by Jean-Francois Berube with a rebound.
15:35 of 1st period - Slapshot by Zachary Sanford.
15:35 of 1st period - Stopped by Jean-Francois Berube without a rebound.
15:36 of 1st period - Christoph Bertschy wins face-off versus A.J. Jenks in Reign zone.
15:39 of 1st period - Wrist shot by Zachary Sanford.
15:39 of 1st period - Shot Misses the Net.
15:41 of 1st period - Snap shot by Zachary Sanford.
15:41 of 1st period - Stopped by Jean-Francois Berube without a rebound.
15:42 of 1st period - Christoph Bertschy wins face-off versus Brendan Gaunce in Reign zone.
16:08 of 1st period - Jacob De La Rose is hit by Phillip Danault and loses puck.
16:24 of 1st period - Icing by Nikita Tryamkin.
16:25 of 1st period - William Bitten wins face-off versus A.J. Jenks in Reign zone.
16:40 of 1st period - Wrist shot by Zachary Sanford.
16:40 of 1st period - Shot Blocked by Jordan Schmaltz.
16:54 of 1st period - Backhand shot by Joachim Blichfeld.
16:54 of 1st period - Stopped by Scott Wedgewood with a rebound.
17:00 of 1st period - Slapshot by Zemgus Girgensons.
17:00 of 1st period - Deflect By Oliver Bjorkstrand.
17:00 of 1st period - Stopped by Jean-Francois Berube with a rebound.
17:16 of 1st period - Snap shot by Jordan Schroeder.
17:16 of 1st period - Deflect By C.J Suess.
17:16 of 1st period - Stopped by Jean-Francois Berube with a rebound.
17:24 of 1st period - Slapshot by Austin Czarnik.
17:24 of 1st period - Stopped by Scott Wedgewood with a rebound.
17:36 of 1st period - Slapshot by Brendan Gaunce.
17:36 of 1st period - Stopped by Scott Wedgewood with a rebound.
17:38 of 1st period - Wrist shot by Tyler Pitlick.
17:38 of 1st period - Stopped by Scott Wedgewood with a rebound.
17:40 of 1st period - Minor Penalty to Tomas Jurco for Hooking.
17:41 of 1st period - Christoph Bertschy wins face-off versus Brendan Gaunce in Senators zone.
17:41 of 1st period - Christoph Bertschy is hit by Timo Meier.
19:40 of 1st period - Penalty to Tomas Jurco is over, Tomas Jurco is back on ice.
19:56 of 1st period - Snap shot by Chandler Stephenson.
19:56 of 1st period - Stopped by Jean-Francois Berube without a rebound.
19:57 of 1st period - Chandler Stephenson wins face-off versus Trevor Moore in Reign zone.
Goals for this period are 0 for Senators vs 2 for Reign.
Shots for this period are 6 for Senators vs 11 for Reign.
2nd period
0:01 of 2nd period - Brendan Gaunce wins face-off versus Christoph Bertschy in neutral zone.
0:14 of 2nd period - Slapshot by Scott Harrington.
0:14 of 2nd period - Shot Blocked by Brendan Guhle.
0:16 of 2nd period - Slapshot by Dmitry Sinitsyn.
0:16 of 2nd period - Shot Misses the Net.
0:26 of 2nd period - Dmitry Sinitsyn is hit by Matthew Tkachuk.
0:52 of 2nd period - Chandler Stephenson is hit by Thomas Chabot and loses puck.
1:07 of 2nd period - Slapshot by Dmitry Sinitsyn.
1:07 of 2nd period - Deflect By Grant Besse.
1:07 of 2nd period - Stopped by Jean-Francois Berube with a rebound.
1:31 of 2nd period - Snap shot by Timo Meier.
1:31 of 2nd period - Shot Blocked by Christoph Bertschy.
1:47 of 2nd period - Phillip Danault is hit by Oliver Bjorkstrand and loses puck.
1:57 of 2nd period - Wrist shot by Dmitry Sinitsyn.
1:57 of 2nd period - Shot Misses the Net.
1:59 of 2nd period - Wrist shot by Oliver Bjorkstrand.
1:59 of 2nd period - Shot Misses the Net.
2:13 of 2nd period - Wrist shot by Austin Czarnik.
2:13 of 2nd period - Goal by Austin Czarnik - Senators : 0 - Reign : 3.
2:14 of 2nd period - Christoph Bertschy wins face-off versus Brendan Gaunce in neutral zone.
3:58 of 2nd period - Slapshot by Jakob Chychrun.
3:58 of 2nd period - Shot Misses the Net.
4:04 of 2nd period - Wrist shot by Phillip Danault.
4:04 of 2nd period - Stopped by Scott Wedgewood with a rebound.
4:06 of 2nd period - Wrist shot by Phillip Danault.
4:06 of 2nd period - Shot Misses the Net.
4:08 of 2nd period - Slapshot by Jakob Chychrun.
4:08 of 2nd period - Shot Blocked by Joonas Lyytinen.
4:18 of 2nd period - Zachary Sanford is hit by Austin Czarnik and loses puck.
4:47 of 2nd period - Slapshot by Dmitry Sinitsyn.
4:47 of 2nd period - Deflect By Jordan Schmaltz.
4:47 of 2nd period - Stopped by Jean-Francois Berube with a rebound.
4:49 of 2nd period - Slapshot by Oliver Bjorkstrand.
4:49 of 2nd period - Shot Misses the Net.
6:09 of 2nd period - Snap shot by Oliver Bjorkstrand.
6:09 of 2nd period - Shot Blocked by Dylan Blujus.
6:11 of 2nd period - Wrist shot by Oliver Bjorkstrand.
6:11 of 2nd period - Goal by Oliver Bjorkstrand - Senators : 1 - Reign : 3.
6:12 of 2nd period - Brendan Gaunce wins face-off versus Christoph Bertschy in neutral zone.
6:14 of 2nd period - Minor Penalty to Timo Meier for Tripping.
6:15 of 2nd period - Joel Eriksson Ek wins face-off versus Christoph Bertschy in Reign zone.
6:15 of 2nd period - Joel Eriksson Ek is hit by Dmitry Sinitsyn.
6:47 of 2nd period - Snap shot by Oliver Bjorkstrand.
6:47 of 2nd period - Stopped by Jean-Francois Berube without a rebound.
6:48 of 2nd period - Zachary Sanford wins face-off versus Joel Eriksson Ek in Reign zone.
6:49 of 2nd period - Wrist shot by Tomas Jurco.
6:49 of 2nd period - Shot Misses the Net.
7:08 of 2nd period - Icing by Nikita Nesterov.
7:09 of 2nd period - Phillip Danault wins face-off versus Zachary Sanford in Senators zone.
7:18 of 2nd period - Snap shot by Christoph Bertschy.
7:18 of 2nd period - Shot Blocked by Phillip Danault.
7:20 of 2nd period - Slapshot by Christoph Bertschy.
7:20 of 2nd period - Stopped by Jean-Francois Berube without a rebound.
7:21 of 2nd period - Joel Eriksson Ek wins face-off versus Jacob De La Rose in Reign zone.
8:14 of 2nd period - Penalty to Timo Meier is over, Timo Meier is back on ice.
8:34 of 2nd period - Wrist shot by Chandler Stephenson.
8:34 of 2nd period - Shot Blocked by Matthew Tkachuk.
8:36 of 2nd period - Slapshot by Nikita Nesterov.
8:36 of 2nd period - Shot Blocked by Nikita Tryamkin.
8:52 of 2nd period - Slapshot by Nikita Tryamkin.
8:52 of 2nd period - Deflect By Trevor Moore.
8:52 of 2nd period - Shot Misses the Net.
8:52 of 2nd period - Puck is out of play.
8:53 of 2nd period - Christoph Bertschy wins face-off versus Trevor Moore in Senators zone.
8:53 of 2nd period - Christoph Bertschy is hit by Josh Anderson.
8:59 of 2nd period - Slapshot by Jakob Chychrun.
8:59 of 2nd period - Shot Blocked by Dmitry Sinitsyn.
9:03 of 2nd period - Wrist shot by Oskar Lindblom.
9:03 of 2nd period - Stopped by Scott Wedgewood without a rebound.
9:04 of 2nd period - Tyler Pitlick wins face-off versus Christoph Bertschy in Senators zone.
9:29 of 2nd period - Dmitry Sinitsyn is hit by Jakob Chychrun and loses puck.
9:38 of 2nd period - Wrist shot by Austin Czarnik.
9:38 of 2nd period - Stopped by Scott Wedgewood with a rebound.
9:40 of 2nd period - Wrist shot by Austin Czarnik.
9:40 of 2nd period - Stopped by Scott Wedgewood with a rebound.
9:42 of 2nd period - Wrist shot by Austin Czarnik.
9:42 of 2nd period - Shot Hit the Post.
10:22 of 2nd period - Slapshot by Jordan Schroeder.
10:22 of 2nd period - Shot Blocked by Dylan Blujus.
10:24 of 2nd period - Slapshot by Grant Besse.
10:24 of 2nd period - Shot Blocked by Thomas Chabot.
10:35 of 2nd period - Icing by Jordan Schroeder.
10:36 of 2nd period - Trevor Moore wins face-off versus Jordan Schroeder in Senators zone.
10:51 of 2nd period - Slapshot by Jordan Schmaltz.
10:51 of 2nd period - Deflect By Grant Besse.
10:51 of 2nd period - Stopped by Scott Wedgewood with a rebound.
11:09 of 2nd period - Wrist shot by Zachary Sanford.
11:09 of 2nd period - Stopped by Jean-Francois Berube with a rebound.
11:11 of 2nd period - Wrist shot by Tomas Jurco.
11:11 of 2nd period - Shot Misses the Net.
11:38 of 2nd period - Oliver Bjorkstrand is hit by Nikita Tryamkin and loses puck.
11:57 of 2nd period - Snap shot by Josh Anderson.
11:57 of 2nd period - Shot Misses the Net.
11:59 of 2nd period - Slapshot by Josh Anderson.
11:59 of 2nd period - Stopped by Scott Wedgewood with a rebound.
12:17 of 2nd period - Wrist shot by Scott Harrington.
12:17 of 2nd period - Shot Blocked by Matthew Tkachuk.
12:19 of 2nd period - Wrist shot by Zachary Sanford.
12:19 of 2nd period - Stopped by Jean-Francois Berube with a rebound.
12:39 of 2nd period - Snap shot by Vitaly Abramov.
12:39 of 2nd period - Stopped by Jean-Francois Berube with a rebound.
13:25 of 2nd period - Off-side.
13:26 of 2nd period - Chandler Stephenson wins face-off versus Matthew Tkachuk in neutral zone.
13:33 of 2nd period - A.J. Jenks is hit by Chandler Stephenson and loses puck.
13:46 of 2nd period - Chandler Stephenson is hit by Phillip Danault and loses puck.
14:02 of 2nd period - Off-side.
14:03 of 2nd period - Brendan Gaunce wins face-off versus Christoph Bertschy in neutral zone.
14:10 of 2nd period - Snap shot by Timo Meier.
14:10 of 2nd period - Shot Misses the Net.
14:13 of 2nd period - Icing by Joonas Lyytinen.
14:14 of 2nd period - Christoph Bertschy wins face-off versus Brendan Gaunce in Senators zone.
14:21 of 2nd period - Snap shot by Tomas Jurco.
14:21 of 2nd period - Shot Misses the Net.
14:29 of 2nd period - Slapshot by Zachary Sanford.
14:29 of 2nd period - Goal by Zachary Sanford - Senators : 2 - Reign : 3.
14:30 of 2nd period - Brendan Gaunce wins face-off versus Christoph Bertschy in neutral zone.
14:39 of 2nd period - Snap shot by Zachary Sanford.
14:39 of 2nd period - Deflect By Christoph Bertschy.
14:39 of 2nd period - Stopped by Jean-Francois Berube with a rebound.
14:41 of 2nd period - Slapshot by Dmitry Sinitsyn.
14:41 of 2nd period - Stopped by Jean-Francois Berube with a rebound.
14:43 of 2nd period - Slapshot by Christoph Bertschy.
14:43 of 2nd period - Stopped by Jean-Francois Berube without a rebound.
14:44 of 2nd period - Christoph Bertschy wins face-off versus Joel Eriksson Ek in Reign zone.
14:59 of 2nd period - Slapshot by Christoph Bertschy.
14:59 of 2nd period - Stopped by Jean-Francois Berube without a rebound.
15:00 of 2nd period - Brendan Gaunce wins face-off versus Jacob De La Rose in Reign zone.
15:48 of 2nd period - Wrist shot by Matthew Tkachuk.
15:48 of 2nd period - Stopped by Scott Wedgewood with a rebound.
15:50 of 2nd period - Slapshot by Jakob Chychrun.
15:50 of 2nd period - Shot Blocked by Scott Harrington.
16:59 of 2nd period - Snap shot by Tomas Jurco.
16:59 of 2nd period - Stopped by Jean-Francois Berube with a rebound.
17:01 of 2nd period - Slapshot by Nikita Nesterov.
17:01 of 2nd period - Deflect By Zachary Sanford.
17:01 of 2nd period - Stopped by Jean-Francois Berube with a rebound.
17:03 of 2nd period - Wrist shot by Christoph Bertschy.
17:03 of 2nd period - Shot Misses the Net.
17:15 of 2nd period - Snap shot by Phillip Danault.
17:15 of 2nd period - Shot Misses the Net.
17:46 of 2nd period - Minor Penalty to Logan Stanley for Hooking.
17:47 of 2nd period - Christoph Bertschy wins face-off versus Joel Eriksson Ek in Reign zone.
18:00 of 2nd period - Off-side.
18:01 of 2nd period - Christoph Bertschy wins face-off versus Joel Eriksson Ek in neutral zone.
18:12 of 2nd period - Wrist shot by Christoph Bertschy.
18:12 of 2nd period - Shot Misses the Net.
18:14 of 2nd period - Snap shot by Zachary Sanford.
18:14 of 2nd period - Stopped by Jean-Francois Berube with a rebound.
18:16 of 2nd period - Snap shot by Christoph Bertschy.
18:16 of 2nd period - Stopped by Jean-Francois Berube with a rebound.
18:26 of 2nd period - Jordan Schmaltz is hit by Nikita Nesterov and loses puck.
18:33 of 2nd period - Snap shot by Oliver Bjorkstrand.
18:33 of 2nd period - Stopped by Jean-Francois Berube with a rebound.
18:50 of 2nd period - Off-side.
18:51 of 2nd period - Josh Anderson wins face-off versus Jacob De La Rose in neutral zone.
19:14 of 2nd period - Nikita Tryamkin is hit by Christoph Bertschy and loses puck.
19:46 of 2nd period - Penalty to Logan Stanley is over, Logan Stanley is back on ice.
19:58 of 2nd period - Matthew Tkachuk is hit by William Bitten.
Goals for this period are 2 for Senators vs 1 for Reign.
Shots for this period are 18 for Senators vs 8 for Reign.
3rd period
0:01 of 3rd period - Tyler Pitlick wins face-off versus Christoph Bertschy in neutral zone.
0:32 of 3rd period - Zemgus Girgensons is hit by Joachim Blichfeld.
0:47 of 3rd period - Off-side.
0:48 of 3rd period - A.J. Jenks wins face-off versus Jordan Schroeder in neutral zone.
1:01 of 3rd period - Snap shot by A.J. Jenks.
1:01 of 3rd period - Shot Blocked by Nikita Nesterov.
1:13 of 3rd period - Jakob Chychrun is hit by Tomas Jurco and loses puck.
1:31 of 3rd period - Icing by Brendan Gaunce.
1:32 of 3rd period - Brendan Gaunce wins face-off versus Jacob De La Rose in Reign zone.
1:39 of 3rd period - Slapshot by Mason Geertsen.
1:39 of 3rd period - Deflect By Jacob De La Rose.
1:39 of 3rd period - Shot Misses the Net.
1:39 of 3rd period - Puck is out of play.
1:40 of 3rd period - Christoph Bertschy wins face-off versus Joel Eriksson Ek in Reign zone.
1:43 of 3rd period - Snap shot by Zachary Sanford.
1:43 of 3rd period - Stopped by Jean-Francois Berube without a rebound.
1:44 of 3rd period - Brendan Gaunce wins face-off versus Christoph Bertschy in Reign zone.
1:51 of 3rd period - Jordan Schmaltz is hit by Zachary Sanford and loses puck.
1:58 of 3rd period - Snap shot by Christoph Bertschy.
1:58 of 3rd period - Stopped by Jean-Francois Berube with a rebound.
2:40 of 3rd period - Wrist shot by Joachim Blichfeld.
2:40 of 3rd period - Shot Misses the Net.
3:00 of 3rd period - Wrist shot by Josh Anderson.
3:00 of 3rd period - Deflect By Oskar Lindblom.
3:00 of 3rd period - Stopped by Scott Wedgewood with a rebound.
3:22 of 3rd period - Wrist shot by Tyler Pitlick.
3:22 of 3rd period - Stopped by Scott Wedgewood with a rebound.
4:18 of 3rd period - Grant Besse is hit by Nikita Tryamkin.
4:31 of 3rd period - Minor Penalty to Jack Dougherty for Hooking.
4:32 of 3rd period - Christoph Bertschy wins face-off versus Joel Eriksson Ek in Reign zone.
5:36 of 3rd period - Christoph Bertschy is hit by Dylan Blujus and loses puck.
5:41 of 3rd period - Snap shot by Josh Anderson.
5:41 of 3rd period - Shot Misses the Net.
5:43 of 3rd period - Wrist shot by Josh Anderson.
5:43 of 3rd period - Stopped by Scott Wedgewood with a rebound.
5:45 of 3rd period - Slapshot by Jordan Schmaltz.
5:45 of 3rd period - Stopped by Scott Wedgewood with a rebound.
6:18 of 3rd period - Icing by Tomas Jurco.
6:19 of 3rd period - Brendan Gaunce wins face-off versus Christoph Bertschy in Senators zone.
6:31 of 3rd period - Penalty to Jack Dougherty is over, Jack Dougherty is back on ice.
6:38 of 3rd period - Snap shot by Vitaly Abramov.
6:38 of 3rd period - Stopped by Jean-Francois Berube with a rebound.
6:54 of 3rd period - Slapshot by Tyler Pitlick.
6:54 of 3rd period - Stopped by Scott Wedgewood with a rebound.
6:56 of 3rd period - Slapshot by Joel Eriksson Ek.
6:56 of 3rd period - Deflect By Tyler Pitlick.
6:56 of 3rd period - Shot Misses the Net.
6:56 of 3rd period - Puck is out of play.
6:57 of 3rd period - A.J. Jenks wins face-off versus Jacob De La Rose in Senators zone.
7:10 of 3rd period - Phillip Danault is hit by Scott Harrington and loses puck.
7:29 of 3rd period - Wrist shot by Oskar Lindblom.
7:29 of 3rd period - Shot Misses the Net.
8:41 of 3rd period - Snap shot by Oskar Lindblom.
8:41 of 3rd period - Goal by Oskar Lindblom - Senators : 2 - Reign : 4.
8:42 of 3rd period - Brendan Gaunce wins face-off versus Christoph Bertschy in neutral zone.
8:53 of 3rd period - Snap shot by Brendan Gaunce.
8:53 of 3rd period - Shot Blocked by Scott Harrington.
9:35 of 3rd period - Joonas Lyytinen is hit by Josh Anderson and loses puck.
9:52 of 3rd period - Austin Czarnik is hit by Chandler Stephenson and loses puck.
11:14 of 3rd period - Snap shot by Tyler Pitlick.
11:14 of 3rd period - Stopped by Scott Wedgewood with a rebound.
11:16 of 3rd period - Slapshot by Nikita Tryamkin.
11:16 of 3rd period - Shot Blocked by Jonas Siegenthaler.
11:18 of 3rd period - Snap shot by Tyler Pitlick.
11:18 of 3rd period - Shot Blocked by Jonas Siegenthaler.
11:20 of 3rd period - Slapshot by Nikita Tryamkin.
11:20 of 3rd period - Deflect By Jordan Schroeder.
11:20 of 3rd period - Stopped by Scott Wedgewood with a rebound.
11:22 of 3rd period - Slapshot by Nikita Tryamkin.
11:22 of 3rd period - Shot Blocked by Mason Geertsen.
11:24 of 3rd period - Wrist shot by Nikita Tryamkin.
11:24 of 3rd period - Deflect By Tyler Pitlick.
11:24 of 3rd period - Stopped by Scott Wedgewood without a rebound.
11:25 of 3rd period - Christoph Bertschy wins face-off versus A.J. Jenks in Senators zone.
11:41 of 3rd period - Snap shot by Jakob Chychrun.
11:41 of 3rd period - Deflect By Zachary Sanford.
11:41 of 3rd period - Stopped by Scott Wedgewood with a rebound.
12:28 of 3rd period - Vitaly Abramov is hit by Oskar Lindblom and loses puck.
12:47 of 3rd period - Slapshot by Nikita Nesterov.
12:47 of 3rd period - Stopped by Jean-Francois Berube with a rebound.
12:49 of 3rd period - Wrist shot by Chandler Stephenson.
12:49 of 3rd period - Stopped by Jean-Francois Berube without a rebound.
12:50 of 3rd period - Joel Eriksson Ek wins face-off versus Christoph Bertschy in Reign zone.
12:57 of 3rd period - Snap shot by Austin Czarnik.
12:57 of 3rd period - Stopped by Scott Wedgewood without a rebound.
12:58 of 3rd period - A.J. Jenks wins face-off versus Christoph Bertschy in Senators zone.
12:59 of 3rd period - Slapshot by Jakob Chychrun.
12:59 of 3rd period - Shot Misses the Net.
13:01 of 3rd period - Slapshot by Brendan Guhle.
13:01 of 3rd period - Deflect By Christoph Bertschy.
13:01 of 3rd period - Stopped by Scott Wedgewood with a rebound.
13:03 of 3rd period - Snap shot by Phillip Danault.
13:03 of 3rd period - Stopped by Scott Wedgewood with a rebound.
13:05 of 3rd period - Slapshot by Jakob Chychrun.
13:05 of 3rd period - Stopped by Scott Wedgewood without a rebound.
13:06 of 3rd period - A.J. Jenks wins face-off versus Christoph Bertschy in Senators zone.
13:09 of 3rd period - Wrist shot by Phillip Danault.
13:09 of 3rd period - Shot Misses the Net.
13:31 of 3rd period - Scott Harrington is hit by Jakob Chychrun and loses puck.
13:47 of 3rd period - Icing by Dmitry Sinitsyn.
13:48 of 3rd period - Zachary Sanford wins face-off versus Phillip Danault in Senators zone.
13:57 of 3rd period - Wrist shot by A.J. Jenks.
13:57 of 3rd period - Stopped by Scott Wedgewood without a rebound.
13:58 of 3rd period - Jacob De La Rose wins face-off versus A.J. Jenks in Senators zone.
14:14 of 3rd period - Minor Penalty to Matthew Tkachuk for Hooking.
14:15 of 3rd period - Joel Eriksson Ek wins face-off versus Christoph Bertschy in Reign zone.
14:23 of 3rd period - Slapshot by Zachary Sanford.
14:23 of 3rd period - Stopped by Jean-Francois Berube with a rebound.
15:05 of 3rd period - Nikita Tryamkin is hit by Jacob De La Rose and loses puck.
16:14 of 3rd period - Penalty to Matthew Tkachuk is over, Matthew Tkachuk is back on ice.
16:18 of 3rd period - Joachim Blichfeld is hit by Joonas Lyytinen and loses puck.
16:23 of 3rd period - Snap shot by C.J Suess.
16:23 of 3rd period - Stopped by Jean-Francois Berube with a rebound.
16:35 of 3rd period - Slapshot by Joachim Blichfeld.
16:35 of 3rd period - Shot Misses the Net.
16:37 of 3rd period - Slapshot by Nikita Tryamkin.
16:37 of 3rd period - Shot Blocked by Jonas Siegenthaler.
16:39 of 3rd period - Slapshot by Dylan Blujus.
16:39 of 3rd period - Stopped by Scott Wedgewood with a rebound.
16:55 of 3rd period - Snap shot by Joachim Blichfeld.
16:55 of 3rd period - Shot Misses the Net.
16:57 of 3rd period - Slapshot by Joachim Blichfeld.
16:57 of 3rd period - Shot Misses the Net.
16:59 of 3rd period - Snap shot by Matthew Tkachuk.
16:59 of 3rd period - Shot Misses the Net.
17:01 of 3rd period - Slapshot by Nikita Tryamkin.
17:01 of 3rd period - Shot Blocked by C.J Suess.
17:03 of 3rd period - Slapshot by Nikita Tryamkin.
17:03 of 3rd period - Shot Misses the Net.
17:05 of 3rd period - Slapshot by Dylan Blujus.
17:05 of 3rd period - Shot Blocked by Grant Besse.
17:33 of 3rd period - Wrist shot by Matthew Tkachuk.
17:33 of 3rd period - Shot Blocked by Jonas Siegenthaler.
17:35 of 3rd period - Wrist shot by Joachim Blichfeld.
17:35 of 3rd period - Shot Blocked by Chandler Stephenson.
17:37 of 3rd period - Wrist shot by Joachim Blichfeld.
17:37 of 3rd period - Shot Blocked by C.J Suess.
17:39 of 3rd period - Snap shot by Matthew Tkachuk.
17:39 of 3rd period - Shot Misses the Net.
17:41 of 3rd period - Slapshot by Dylan Blujus.
17:41 of 3rd period - Goal by Dylan Blujus - Senators : 2 - Reign : 5.
17:42 of 3rd period - Christoph Bertschy wins face-off versus Brendan Gaunce in neutral zone.
17:58 of 3rd period - Slapshot by Christoph Bertschy.
17:58 of 3rd period - Stopped by Jean-Francois Berube with a rebound.
18:08 of 3rd period - Zemgus Girgensons is hit by Josh Anderson and loses puck.
18:46 of 3rd period - Icing by Brendan Guhle.
18:47 of 3rd period - Christoph Bertschy wins face-off versus Brendan Gaunce in Reign zone.
18:56 of 3rd period - Snap shot by Dmitry Sinitsyn.
18:56 of 3rd period - Stopped by Jean-Francois Berube with a rebound.
18:58 of 3rd period - Wrist shot by Dmitry Sinitsyn.
18:58 of 3rd period - Deflect By Tyler Pitlick.
18:58 of 3rd period - Stopped by Jean-Francois Berube with a rebound.
19:32 of 3rd period - Slapshot by Trevor Moore.
19:32 of 3rd period - Stopped by Scott Wedgewood without a rebound.
19:33 of 3rd period - Jacob De La Rose wins face-off versus Josh Anderson in Senators zone.
19:33 of 3rd period - Jacob De La Rose is hit by Oskar Lindblom.
19:46 of 3rd period - Wrist shot by Zemgus Girgensons.
19:46 of 3rd period - Stopped by Jean-Francois Berube with a rebound.
Goals for this period are 0 for Senators vs 2 for Reign.
Shots for this period are 11 for Senators vs 18 for Reign.
Output by the SimonT Hockey Simulator (STHS) for Francois Prevost